 Dungeon Crawl Stone Soup version 0.29.1-4-g47bece8355 (webtiles) character file.

Game seed: 18302768596072157800

540 LustLizard the Insei (level 7, -7/43 HPs)
             Began as an Octopode Transmuter on Dec 6, 2022.
             Mangled by a gnoll
             ... wielding a +0 flail
              (10 damage)
             ... on level 4 of the Dungeon.
             The game lasted 00:10:55 (5351 turns).

LustLizard the Insei (Octopode Transmuter)          Turns: 5351, Time: 00:10:56

Health: -7/43      AC:  1    Str: 10    XL:     7   Next: 26%
Magic:  9/10       EV: 13    Int: 17    God:
Gold:   61         SH:  0    Dex: 12    Spells: 3/10 levels left

rFire   . . .      SeeInvis .     - Unarmed
rCold   . . .      Faith    .   (no shield)
rNeg    . . .      Spirit   .   (helmet restricted)
rPois   .          Reflect  .   (no amulet)
rElec   .          Harm     .   (no ring)
rCorr   .          Rampage  .   (no ring)
Will    .....                   (no ring)
Stlth   ++........              (no ring)
HPRegen 0.14/turn               (no ring)
MPRegen 0.12/turn               (no ring)
                                (no ring)
                                (no ring)

@: wereblooded (expiring), hasted, very quick
A: almost no armour, amphibious, 8 rings, camouflage 1, gelatinous body 1,
(nimble swimmer 1), tentacles
a: no special abilities


You were on level 4 of the Dungeon.
You visited 1 branch of the dungeon, and saw 4 of its levels.
You also visited: Sewer.

You collected 145 gold pieces.
You spent 84 gold pieces at shops.

Inventory:

Missiles
 b - 12 boomerangs
 p - 13 poisoned darts
Armour
 d - a +0 buckler
Scrolls
 a - a scroll of butterflies {unknown}
 e - 7 scrolls of teleportation
 f - 2 scrolls of enchant armour {unknown}
 i - 3 scrolls of identify
 k - a scroll of poison {unknown}
 l - a scroll of silence {unknown}
 o - a scroll of fear {unknown}
 q - a scroll of blinking {unknown}
Potions
 g - a potion of curing
 h - a potion of heal wounds {unknown}
 j - a potion of berserk rage {unknown}
 m - a potion of brilliance {unknown}
 n - 3 potions of might {unknown}


   Skills:
 - Level 1.0 Fighting
 - Level 3.0 Throwing
 - Level 2.0 Dodging
 + Level 4.4 Unarmed Combat
 - Level 2.4 Spellcasting
 + Level 4.1 Transmutations
 * Level 3.8 Ice Magic


You had 3 spell levels left.
You knew the following spells:

 Your Spells              Type           Power      Damage    Failure   Level
a - Beastly Appendage     Tmut           32%        N/A       3%          1
b - Wereblood             Tmut           16%        N/A       4%          2
c - Ice Form              Ice/Tmut       15%        N/A       34%         4

Your spell library contained the following spells:

 Spells                   Type           Power      Damage    Failure   Level
 Sting                    Tmut/Pois      36%        1d4       8%          1
 Slow                     Hex            8%         N/A       19%         1
 Spider Form              Tmut/Pois      9%         N/A       24%         3
 Poisonous Vapours        Pois/Air       4%         N/A       28%         2
 Confusing Touch          Hex            2%         N/A       50%         3
 Stone Arrow              Conj/Erth      4%         3d7       50%         3
 Vampiric Draining        Necr           2%         2d6       50%         3
 Olgreb's Toxic Radiance  Pois           2%         N/A       88%         4
 Lehudib's Crystal Spear  Conj/Erth      1%         10d2      100%        8
 Animate Armour           Summ/Erth      Unusable   N/A       N/A         4

Dungeon Overview and Level Annotations

Branches:
Dungeon (4/15)              Sewer (visited)
 Temple: D:4-7

Altars:

Shops:
D:1 *

Annotations:
D:4 2 transporters, exclusion: steam dragon, GigaChad's ghost, amateur MiFi


Innate Abilities, Weirdness & Mutations

You cannot wear most types of armour.
You are amphibious.
You can wear up to eight rings at the same time.
Your skin changes colour to match your surroundings (Stealth+).
Your rubbery body absorbs attacks. (AC +1, EV +1)
((You are camouflaged when in or above water. (Stealth+)))
You have tentacles for arms and can constrict up to eight enemies at once.


Message History

You constrict the gnoll. The gnoll barely misses you. The gnoll misses you.
You tentacle-slap the gnoll.
You feel a bit better.
You kill the gnoll!
The gnoll hits you from afar with a +0 spear.
The gnoll closely misses you. The gnoll hits you with a +0 spear!
You see here a +0 club.
You tentacle-slap the gnoll but do no damage.
You grab the gnoll.
You howl as the wereblood boils in your veins!
You constrict the gnoll.
The gnoll hits you from afar with a +0 spear.
The gnoll hits you with a +0 spear.
You tentacle-slap the gnoll. You squeeze the gnoll!
You feel a bit better.
You kill the gnoll!
The gnoll barely misses you.
A kobold comes into view. It is wielding a +0 short sword.
You closely miss the gnoll.
The kobold shouts!
You grab the gnoll. You constrict the gnoll.
The gnoll hits you with a +0 flail!
The gnoll hits you from afar with a +0 spear!
* * * LOW HITPOINT WARNING * * *
You release your grip on the gnoll.
Your tentacle spike disappears.
The gnoll attacks as you move away! The gnoll barely misses you.
Your primal bloodlust is almost over.
The kobold barely misses you. The gnoll attacks as you move away!
The gnoll hits you with a +0 flail.
* * * LOW HITPOINT WARNING * * *
The kobold closely misses you. What are your orders? t - Howl!
Orders for allies: a - Attack new target. r - Retreat! s - Stop attacking. g - Guard the area. f - Follow me.
Anything else - Cancel.
Okay, then.
Okay, then.
You feel yourself speed up. The gnoll hits you with a +0 flail!
You die...

....... ..... ...
#)# #)# ##.##
#..g#########
##..g.........
#..K@.########
##...## #.####.##
#......# ######.#
#.#################
#.##...............
#....≈≈≈≈≈≈≈≈~≈≈≈≈≈
#.#..≈≈≈≈≈≈≈≈~≈≈≈≈≈


You could see 2 gnolls and a kobold.

Vanquished Creatures
  A phantom (D:4)
  A kobold brigand (Sewer)
  A hound (D:4)
  Natasha (thrice) (D:3)
  3 gnolls
  14 adders
  5 river rats (Sewer)
  An ufetubus (D:4)
  An orc (D:4)
  9 bats
  11 endoplasms
  2 giant cockroaches (D:3)
  5 goblins
  3 hobgoblins
  12 jackals
  6 kobolds
  A quokka (D:1)
  6 ball pythons
  8 frilled lizards
  7 rats
100 creatures vanquished.

Vanquished Creatures (others)
  20 plants
20 creatures vanquished.

Grand Total: 120 creatures vanquished

Notes
Turn   | Place    | Note
-------+----------+-------------------------------------------
     0 | D:1      | LustLizard the Octopode Transmuter began the quest for the
                  | Orb.
     0 | D:1      | Reached XP level 1. HP: 13/13 MP: 3/3
   308 | D:1      | Found Hograt's Assorted Antiques.
   471 | D:1      | Reached XP level 2. HP: 16/18 MP: 3/5
   818 | D:1      | Found a faded altar of an unknown god.
   866 | D:1      | Bought a scroll labelled AKODOETOAQ for 28 gold pieces
   866 | D:1      | Bought a scroll labelled MOHUVU CAFOUR for 28 gold pieces
   866 | D:1      | Bought a scroll labelled AKODOETOAQ for 28 gold pieces
   978 | D:1      | Reached skill level 1 in Throwing
   978 | D:1      | Reached XP level 3. HP: 17/23 MP: 4/6
  2170 | D:2      | Reached XP level 4. HP: 25/28 MP: 5/7
  2608 | D:3      | Learned a level 2 spell: Wereblood
  2613 | D:3      | Learned a level 4 spell: Ice Form
  2705 | D:3      | Reached skill level 1 in Ice Magic
  2746 | D:3      | Noticed Natasha
  2752 | D:3      | Found a glowing drain.
  2756 | D:3      | Killed Natasha
  2757 | D:3      | Reached XP level 5. HP: 25/33 MP: 6/8
  3024 | Sewer    | Entered a sewer
  3315 | Sewer    | Noticed a kobold brigand
  3324 | Sewer    | Killed a kobold brigand
  3325 | Sewer    | Reached XP level 6. HP: 33/38 MP: 5/9
  4238 | D:3      | Noticed Natasha
  4243 | D:3      | Killed Natasha
  4589 | D:3      | Noticed Natasha
  4632 | D:3      | Killed Natasha
  4756 | D:4      | Noticed a steam dragon
  4874 | D:4      | Reached XP level 7. HP: 26/43 MP: 10/10
  5049 | D:4      | Noticed GigaChad's ghost (amateur MiFi)
  5075 | D:4      | Found a transporter.
  5076 | D:4      | Found a transporter.
  5350 | D:4      | HP: 2/43 [gnoll/+0 flail (4)]
  5351 | D:4      | Mangled by a gnoll

Illustrated notes

Levels and vault maps discovered:
D:1:      psy_arrival_conway, layout_basic, serial_shops, shop,
          basic_ecumenical_altar, grunt_decor_junction
D:2:      layout_loops_ring, nrook_mini_vaults
D:3:      layout_basic, gup_sewer_entry_glass, uniq_natasha
D:4:      layout_loops_corners, gammafunk_ghost_gnarly_gnolls

Skill      XL: |  1  2  3  4  5  6 |
---------------+-------------------+-----
Throwing       | 1 2 3 |  3.0
Transmutations | 3 4 |  4.1
Ice Magic      | 1 2 3 |  3.8
Unarmed Combat | 4 |  4.4
Fighting       | |  1.0
Dodging        | |  2.0
Spellcasting   | |  2.4

Action                   |  1- 3 |  4- 6 |  7- 9 || total
-------------------------+-------+-------+-------++-------
Melee: Unarmed           |    67 |   159 |    23 ||   249
       Constrict         |    16 |    33 |     7 ||    56
       Kick              |    13 |    41 |     8 ||    62
       Tentacles         |    11 |    36 |     4 ||    51
       Punch             |     3 |    10 |       ||    13
Throw: Stone             |     1 |       |       ||     1
       Boomerang         |     1 |       |       ||     1
 Cast: Beastly Appendage |    15 |    17 |     6 ||    38
       Wereblood         |       |     7 |     2 ||     9
  Use: Potion            |       |     1 |     1 ||     2
       Scroll            |       |     3 |       ||     3
 Stab: Sleeping          |    11 |     5 |     1 ||    17
Armor: Skin              |     7 |    27 |     1 ||    35
Dodge: Dodged            |    40 |    67 |    18 ||   125
